[Event "*** Titled Tuesday Blitz"]
[Site "Chess.com"]
[Date "2021.03.30"]
[Round "8"]
[White "GregShahade"]
[Black "erdni1993"]
[Result "1-0"]
[WhiteElo "2698"]
[BlackElo "2509"]
[TimeControl "180+1"]
[EndTime "11:29:22 PDT"]
[Termination "GregShahade won by resignation"]

1. e4 c5 2. Nf3 e6 3. d4 cxd4 4. Nxd4 Nc6 5. Nc3 Qc7 6. Be3 a6 7. Qf3 Nf6 8. O-O-O Bb4 9. Nxc6 bxc6 10. Bd4 Be7 11.
e5 Nd5 12. Nxd5 cxd5 13. Bd3 a5 14. Qg3 g6 15. h4 Ba6 16. h5 Rg8 17. hxg6 hxg6 18.
Rh7 Bc5 19. Qf3 Rf8 20. Rxf7 Bxd3 21. Rxf8+ Bxf8 22. Qxd3 Kd8 23. Qxg6 Kc8 24. Rd3 Qd8 25. Rc3+ Kb7 26. Rb3+ Kc6 27. Qd3 Qg5+ 28. Kb1 Kc7 29. g3 Kd8 30. a3 Ke8 31. Qe3 Qxe3 32. Rxe3 Kf7 33. Rf3+ Kg6 34. Rf6+ Kg5 35. f4+ Kg4 36.
Rf7 Kxg3 37. Rxd7 Kxf4 38. Rf7+ Ke4 39. c3 Bh6 40. Rf6 Bf4 41. Rxe6 Rg8 42. Ra6 Rg2 43. Rxa5 Rh2 44. e6 Rh6 45. e7 Re6 46. Bc5 Be5 47. Ra8 Kd3 48. e8=Q Rxe8 49. Rxe8 1-0

[Event "*** Titled Tuesday Blitz"]
[Site "Chess.com"]
[Date "2021.03.30"]
[Round "8"]
[White "profofchess"]
[Black "aunqa"]
[Result "1/2-1/2"]
[WhiteElo "2444"]
[BlackElo "2318"]
[TimeControl "180+1"]
[EndTime "11:29:22 PDT"]
[Termination "Game drawn by repetition"]

1. e4 c5 2. Nf3 e6 3. c3 Nf6 4.
Bd3 Nc6 5. Bc2 d5 6. e5 Nd7 7. d4 Qb6 8. a3 a5 9. O-O Be7 10. Re1 f6 11. exf6 Nxf6 12. Ng5 cxd4 13. Nxe6 Bxe6 14. Rxe6 Kf7 15. Re1 Rhe8 16. cxd4 Qxd4 17.
Nc3 Rad8 18. Bb3 Kf8 19. Bg5 Qxd1 20. Raxd1 d4 21. Nb5 Nd5 22. Bxe7+ Rxe7 23. Rxe7 Ndxe7 24. Nc7 Rd6 25. Ne6+ Ke8 26. Nxg7+ Kd7 27. f4 d3 28. Kf2 d2 29. Nh5 Nf5 30. Ng3 Nxg3 31. hxg3 Nd4 32. Bc4 Nc2 33. Ke2 Nd4+ 34. Kxd2 Nf3+ 35.
Kc1 Nd4 36. Ba2 Ke7 37. Re1+ Kf6 38. Kb1 Nf5 39. g4 Ng3 40. Ka1 Rd2 41. Bb1 Ne2 42. g5+ Kg7 43. f5 Nd4 44. f6+ Kf8 45. Re7 Nb3+ 46.
Ka2 Nc1+ 47. Ka1 Nb3+ 48. Ka2 Nc1+ 49. Ka1 Nb3+ 1/2-1/2

[Event "*** Titled Tuesday Blitz"]
[Site "Chess.com"]
[Date "2021.03.30"]
[Round "8"]
[White "WinnieTPooh"]
[Black "esteban062000"]
[Result "1/2-1/2"]
[WhiteElo "1967"]
[BlackElo "2153"]
[TimeControl "180+1"]
[EndTime "11:29:22 PDT"]
[Termination "Game drawn by repetition"]

1. d4 Nf6 2. c4 e6 3. g3 Bb4+ 4. Nd2 O-O 5. Bg2 d6 6. Nf3 Nc6 7. O-O b6 8. Ne5 dxe5 9. Bxc6 Rb8 10.
dxe5 Nd7 11. Nf3 Be7 12. a3 Nc5 13. Qc2 Bb7 14. Rd1 Qc8 15. Nd4 Rd8 16. b4 Rxd4 17.
Rxd4 Bxc6 18. bxc5 Bxc5 19. Rh4 g6 20. Bg5 Qb7 21.
Bf6 Bh1 22. e4 Bf3 23. Qd3 Bh5 24. g4 Bxg4 25. Rxg4 Qc6 26. Qh3 Bf8 27. Rh4 h5 28. Rxh5 gxh5 29. Qxh5 Bg7 30. Qg5 Kf8 31. Qxg7+ Ke8 32.
Qg8+ Kd7 33. Qxf7+ Kc8 34. Rd1 Kb7 35. Rd7 Qxc4 36.
h4 Qc1+ 37. Kg2 Qc2 38. Kg3 Qc3+ 39. f3 Rc8 40. h5 Qe1+ 41. Kf4 Qc1+ 42. Kg4 Qg1+ 43.
Kf4 Qh2+ 44. Ke3 Qg1+ 45. Kd3 Qd1+ 46. Ke3 Qe1+ 47. Kd3 Qd1+ 48. Ke3 Qg1+ 49. Kd3 Qf1+ 50. Ke3 Qc1+ 51. Kf2 Qc5+ 52. Kg3 Qg1+ 53. Kf4 Qc1+ 54. Kg4 Qg1+ 55. Kf4 1/2-1/2

[Event "*** Titled Tuesday Blitz"]
[Site "Chess.com"]
[Date "2021.03.30"]
[Round "8"]
[White "BursaBBSatranc"]
[Black "Lion-Al-Messi"]
[Result "0-1"]
[WhiteElo "2601"]
[BlackElo "2501"]
[TimeControl "180+1"]
[EndTime "11:29:23 PDT"]
[Termination "Lion-Al-Messi won on time"]

1. d4 d5 2. Nf3 Nf6 3. Bf4 c5 4. e3 Nc6 5. c3 Qb6 6. Qc2 g6 7. Nbd2 Bf5 8. Qb3 c4 9. Qxb6 axb6 10. a3 Bg7 11. Be2 O-O 12. O-O b5 13. h3 Nd7 14.
Rac1 Nb6 15. Bd1 Bd3 16. Re1 Na4 17. Bxa4 bxa4 18. e4 e6 19. exd5 exd5 20. Ne5 Nxe5 21. Bxe5 Ra6 22. Bxg7 Kxg7 23. Nf1 Rb6 24. Ne3 Rxb2 25.
Nxd5 Rb3 26. Re7 Rd8 27. Nf4 Kf8 28. Rc7 b5 29. Rb7 Rxa3 30. Rxb5 Rb3 31. Ra5 a3 32. h4 Rdb8 33. Kh2 h6 34. Kg3 Kg8 35. f3 Kg7 36.
Ra7 R8b7 37. Ra5 Bb1 38. Nd5 a2 39. Nb4 Rb2 40. d5 Re7 41. d6 Ree2 42. Rg1 Red2 43.
Nd5 Rxd5 44. Rxd5 a1=Q 45. d7 Rb8 46. d8=Q Rxd8 47. Rxd8 Qb2 48. Re1 Bd3 49. Re7 Qxc3 50. Rdd7 Qf6 51. Rc7 Qd6+ 52. Kf2 Qd4+ 53. Kg3 Qd6+ 54.
Kf2 Qd5 55. Red7 Qf5 56. g4 Qf4 57. Re7 g5 58. h5 Qh2+ 59. Ke3 Qe2+ 60. Kd4 Qf2+ 61.
Kc3 Qxf3 62. Red7 Bf5+ 0-1

[Event "*** Titled Tuesday Blitz"]
[Site "Chess.com"]
[Date "2021.03.30"]
[Round "8"]
[White "OparinGrigoriy"]
[Black "GOGIEFF"]
[Result "1/2-1/2"]
[WhiteElo "2992"]
[BlackElo "2903"]
[TimeControl "180+1"]
[EndTime "11:29:24 PDT"]
[Termination "Game drawn by agreement"]

1. Nf3 d5 2. g3 c5 3. Bg2 Nf6 4. O-O Nc6 5. d4 Qb6 6. dxc5 Qxc5 7. a3 Bf5 8. c3 e6 9. b4 Qb6 10. Bb2 Be7 11. Nbd2 a5 12. c4 axb4 13. cxd5 exd5 14. axb4 O-O 15. Nb3 Qxb4 16. Nfd4 Nxd4 17. Bxd4 Rfc8 18. Rxa8 Rxa8 19. Bxf6 Bxf6 20. Qxd5 Bg4 21. Nc1 Rb8 22. Nd3 Qe7 23. Rb1 Qxe2 24. Nf4 Qe7 25. Rxb7 Rxb7 26. Qxb7 Qe1+ 27. Bf1 g6 28. Qa7 Bf3 29. Qe3 Qd1 30. Qd3 Qxd3 31. Bxd3 Bd4 32. Be2 Bc6 33. Bc4 Kg7 34. Bd5 Bb5 35. Bf3 Be5 36. Ne2 f5 37.
Kg2 g5 38. g4 h5 39. h3 fxg4 40. hxg4 h4 41. Ng1 Kf6 42. Nh3 Bc3 43. Be4 Bd2 44.
Bf3 Ke5 45. Bd1 Bd3 46. Bf3 Kd4 47. Bd1 Kc3 48. Bf3 Kd4 49. Bd1 Be4+ 50. Bf3 Bg6 51. Ng1 Ke5 52. Bd1 Bf4 53. Nh3 Be4+ 54. Bf3 Bd3 1/2-1/2

[Event "*** Titled Tuesday Blitz"]
[Site "Chess.com"]
[Date "2021.03.30"]
[Round "8"]
[White "HrvojeZagreb"]
[Black "davigator"]
[Result "1-0"]
[WhiteElo "2246"]
[BlackElo "2415"]
[TimeControl "180+1"]
[EndTime "11:29:24 PDT"]
[Termination "HrvojeZagreb won by checkmate"]

1. d4 Nf6 2. Bf4 c5 3. e3 d5 4. Nc3 e6 5. Nb5 Na6 6. c3 Be7 7. Nf3 O-O 8. a4 Qb6 9. Ne5 Bd7 10. g4 Bc6 11. g5 Ne4 12. h4 Qd8 13. f3 Nd6 14. Nxc6 bxc6 15. Nxd6 Bxd6 16. Bxa6 Bxf4 17. exf4 c4 18. Bb7 Rb8 19. Bxc6 Rxb2 20. a5 Qc7 21. Qc1 Rbb8 22. Ba4 Qxa5 23. O-O Qc7 24. Bc2 Rb6 25.
Re1 Rfb8 26. Rb1 g6 27. Qd2 Rb2 28. Rxb2 Rxb2 29. Rb1 Ra2 30. h5 a5 31. h6 Kf8 32.
Qc1 a4 33. Kg2 a3 34. Kg3 Qa5 35. Rb8+ Ke7 36. Qb1 Rb2 37. Rxb2 axb2 38. Qxb2 Kd7 39. Qb4 Qa2 40. Ba4+ Kc8 41. Qf8+ Kc7 42. Qxf7+ Kb6 43.
Qxe6+ Ka5 44. Qc6 Qb2 45. Qb5+ Qxb5 46. Bxb5 Kxb5 47. f5 gxf5 48. g6 hxg6 49. h7 Ka4 50. h8=Q Kb3 51. Qe5 Kxc3 52. Qxd5 Kd3 53. Qc5 c3 54. d5 c2 55. d6 g5 56. d7 c1=Q 57. Qxc1 f4+ 58. Qxf4 Ke2 59. d8=Q gxf4+ 60. Kxf4 Kf2 61.
Qe7 Kg2 62. Kg4 Kf2 63. f4 Kg2 64. f5 Kf2 65. f6 Kg2 66. f7 Kh2 67. f8=Q Kh1 68.
Qe1+ Kg2 69. Qff2# 1-0

[Event "*** Titled Tuesday Blitz"]
[Site "Chess.com"]
[Date "2021.03.30"]
[Round "8"]
[White "Sergey85Rodchenkov"]
[Black "mbojan"]
[Result "0-1"]
[WhiteElo "2529"]
[BlackElo "2673"]
[TimeControl "180+1"]
[EndTime "11:29:25 PDT"]
[Termination "mbojan won by checkmate"]

1. e4 g6 2. d4 Bg7 3. Nf3 d6 4. c3 Nf6 5. Bd3 O-O 6. O-O Nc6 7. Re1 e5 8. dxe5 Nxe5 9. Nxe5 dxe5 10. Bg5 h6 11.
Bh4 Qe7 12. Qc2 Rd8 13. Bf1 Be6 14. Nd2 Qc5 15. b4 Qc6 16. a4 a5 17. Bb5 Qd6 18.
Rad1 axb4 19. Nc4 Qe7 20. Nxe5 b3 21. Qb1 g5 22. Rxd8+ Rxd8 23. Bg3 Nh5 24. Nf3 Nxg3 25. hxg3 Bxc3 26. Re3 Bd4 27. Nxd4 Rxd4 28. e5 c6 29. Be2 Rxa4 30. Qb2 Qc5 31. Qd2 Ra2 32. Qd8+ Qf8 33. Qf6 Ra1+ 34. Kh2 b2 35. Bd3 b1=Q 36. Bxb1 Rxb1 37.
f4 Rf1 38. Rd3 Bd5 39. f5 Qg7 40. Qd8+ Kh7 41. f6 Qg6 42. g4 Qe4 43. Rg3 Rf2 44.
Qf8 Rxg2+ 45. Kh3 Rxg3+ 46. Kxg3 Qg2# 0-1

[Event "*** Titled Tuesday Blitz"]
[Site "Chess.com"]
[Date "2021.03.30"]
[Round "8"]
[White "vugarrasulov"]
[Black "wonderfultime"]
[Result "0-1"]
[WhiteElo "2870"]
[BlackElo "2995"]
[TimeControl "180+1"]
[EndTime "11:29:26 PDT"]
[Termination "wonderfultime won by checkmate"]

1. e4 e5 2. Nf3 d5 3. Nxe5 Bd6 4. d4 dxe4 5. Nc4 Nf6 6. Nc3 h6 7. Nxd6+ Qxd6 8. Nb5 Qe7 9. c4 a6 10. Nc3 O-O 11.
Be2 Bf5 12. O-O Nc6 13. d5 Ne5 14. Bf4 Rfe8 15. Qb3 b6 16. Rfe1 Nfd7 17. d6 Qxd6 18. Rad1 Nf3+ 19. Bxf3 Qxf4 20. Nd5 Qe5 21. g3 Nc5 22. Qa3 Rad8 23. b4 Ne6 24. Bg2 c6 25.
Ne3 Nd4 26. Qxa6 b5 27. cxb5 cxb5 28. Qb6 Be6 29. a3 Bb3 30. Ng4 Ne2+ 31. Kh1 Rxd1 32. Rxd1 Qf5 33. Rd8 Rxd8 34. Qxd8+ Kh7 35. h3 e3 36. Kh2 Qb1 37. h4 Be6 38. Qe7 Qg1+ 39.
Kh3 Qxf2 40. Be4+ g6 41. Bxg6+ Kxg6 42. h5+ Kg7 43. Qxe6 Qxg3# 0-1

[Event "*** Titled Tuesday Blitz"]
[Site "Chess.com"]
[Date "2021.03.30"]
[Round "8"]
[White "Genghis_K"]
[Black "Vanina1989"]
[Result "1/2-1/2"]
[WhiteElo "2941"]
[BlackElo "2770"]
[TimeControl "180+1"]
[EndTime "11:29:26 PDT"]
[Termination "Game drawn by stalemate"]

1. e4 c6 2. Nf3 d5 3. d3 Bg4 4. h3 Bxf3 5. Qxf3 e6 6. Be2 Bd6 7. Qg4 Qf6 8. f4 Bc5 9. e5 Qg6 10. c3 d4 11. c4 Ne7 12. Nd2 Bb4 13. a3 Bxd2+ 14. Bxd2 Nd7 15. Qf3 O-O-O 16. b4 f6 17.
exf6 gxf6 18. g4 f5 19. O-O-O e5 20. gxf5 Qxf5 21. fxe5 Nxe5 22. Qxf5+ Nxf5 23. Bf4 Ng6 24. Bh2 Ne3 25. Rdg1 Rdf8 26. Bg3 Rf7 27. h4 Re8 28. h5 Nf4 29. Bxf4 Rxf4 30. Rg7 Rf2 31. Bd1 h6 32.
Bb3 Ref8 33. c5 a6 34. Be6+ Kb8 35. Rg6 Rc2+ 36. Kb1 Rff2 37. Rxh6 Rb2+ 38. Ka1 Rbd2 39. Rh8+ Ka7 40. h6 Nc2+ 41. Kb2 Nxb4+ 42. Kb3 Nxd3 43. h7 Nxc5+ 44. Kc4 Nxe6 45. Ra8+ Kxa8 46. h8=Q+ Ka7 47. Qe5 Rfe2 48. Qd6 Re3 49. Rb1 Rc3+ 50. Kb4 c5+ 51. Ka4 b5+ 52. Rxb5 axb5+ 53. Kxb5 Rb2+ 54.
Ka4 Rb6 55. Qxb6+ Kxb6 1/2-1/2

[Event "*** Titled Tuesday Blitz"]
[Site "Chess.com"]
[Date "2021.03.30"]
[Round "8"]
[White "bocah_sakit"]
[Black "olksuna"]
[Result "0-1"]
[WhiteElo "2835"]
[BlackElo "2693"]
[TimeControl "180+1"]
[EndTime "11:29:27 PDT"]
[Termination "olksuna won by checkmate"]

1. e4 c5 2. Nf3 e6 3. d4 cxd4 4. Nxd4 a6 5. Bd3 Bc5 6. Nb3 Ba7 7. Qg4 Nf6 8. Qe2 d6 9. O-O O-O 10. Nc3 Nc6 11. Be3 e5 12. Rad1 h6 13. Kh1 Bxe3 14.
Qxe3 Be6 15. f4 exf4 16. Qxf4 Ne5 17. Nd4 Rc8 18. Be2 b5 19. a3 Re8 20. Qg3 Qe7 21. Nf5 Bxf5 22. exf5 Rc5 23. Rd4 Nc4 24. Bxc4 bxc4 25.
h3 Qe5 26. Qxe5 dxe5 27. Rd6 e4 28. g4 e3 29. Re1 Ne4 30. Nxe4 Rxe4 31. Kg2 e2 32. Rxa6 c3 33. b4 Rd5 34. Kf3 Rde5 35.
Rc6 Re3+ 36. Kg2 h5 37. Rc4 h4 38. g5 Rg3+ 39. Kf2 Rxh3 40. Rf4 Rh2+ 41. Kf3 h3 42. Kg3 Rg2+ 43. Kxh3 Rxg5 44. Rf3 f6 45.
a4 Kf7 46. b5 Re8 47. b6 Rh8# 0-1

[Event "*** Titled Tuesday Blitz"]
[Site "Chess.com"]
[Date "2021.03.30"]
[Round "8"]
[White "esapunov"]
[Black "federicosellitti"]
[Result "1-0"]
[WhiteElo "2742"]
[BlackElo "2557"]
[TimeControl "180+1"]
[EndTime "11:29:27 PDT"]
[Termination "esapunov won by resignation"]

1. c4 c5 2. Nf3 Nf6 3. Nc3 Nc6 4. e3 e6 5. d4 cxd4 6. exd4 d5 7. a3 Be7 8. c5 O-O 9. Bb5 Bd7 10. O-O Re8 11.
Bf4 Ne4 12. Qc2 f5 13. Bxc6 bxc6 14. h3 g5 15. Bh2 g4 16. hxg4 fxg4 17. Ne5 Nxc3 18.
bxc3 Bf6 19. Nxg4 Bg7 20. Rab1 Rf8 21. Ne5 Rf5 22. g4 Bxe5 23. Bxe5 Qg5 24. Qe2 Raf8 25. f4 Qg6 26. Qg2 R5f7 27. Rb7 Bc8 28. Rxf7 Kxf7 29. Kh2 Rg8 30. Rg1 Ba6 31. Qh3 Be2 32. g5 Bd3 33. Rg2 Be4 34. Rb2 h6 35. Rb7+ Ke8 36. Qxh6 Qxh6+ 37. gxh6 Rg2+ 38. Kh3 Rg1 39. Bg7 a5 40. Ra7 a4 41.
Rxa4 Kf7 42. Ra6 Kg6 43. Rxc6 Kh5 44. Rc7 Bf5+ 45. Kh2 Rg4 46. Be5 Be4 47. h7 Bxh7 48. Rxh7+ Kg6 49. Ra7 Kf5 50. Kh3 Ke4 51. Kxg4 1-0

[Event "*** Titled Tuesday Blitz"]
[Site "Chess.com"]
[Date "2021.03.30"]
[Round "8"]
[White "Kapibara_Warri0r"]
[Black "comsac"]
[Result "1/2-1/2"]
[WhiteElo "2239"]
[BlackElo "2368"]
[TimeControl "180+1"]
[EndTime "11:29:28 PDT"]
[Termination "Game drawn by repetition"]

1. d4 d5 2. c4 e6 3. Nc3 Nf6 4. cxd5 Nxd5 5. e4 Nxc3 6. bxc3 c5 7. Nf3 cxd4 8. cxd4 Bb4+ 9. Bd2 Bxd2+ 10. Qxd2 O-O 11.
Bc4 b6 12. O-O Bb7 13. Rfe1 Nd7 14. Rad1 Nf6 15. Bd3 Rc8 16. Bb1 Qc7 17. Ng5 h6 18. e5 Nd5 19. Qd3 g6 20. Nxe6 fxe6 21. Qxg6+ Qg7 22.
Qxe6+ Kh8 23. g3 Nc3 24. Rd2 Nxb1 25. Rxb1 Rce8 26. Qd6 Qg5 27. Rdb2 Be4 28. Re1 Rd8 29. Qc7 Qf5 30. Rbe2 Rxd4 31. e6 Qf3 32. Qe5+ Kg8 33. Rxe4 Qxf2+ 34. Kh1 Rxe4 35. Qxe4 Qf6 36. e7 Re8 37. Qg4+ Kh7 38. Qe4+ Kh8 39. Kg2 Qb2+ 40. Re2 Qf6 41. h4 Kg7 42. h5 Qg5 43. Qc6 Qxh5 44. Qc3+ Kh7 45. Qd3+ Qg6 46. Qe3 Qf7 47. Qe4+ Qg6 48. Qe5 Qf7 49. Qe4+ Qg6 50. Qe3 Qf7 51. Qe4+ 1/2-1/2

[Event "*** Titled Tuesday Blitz"]
[Site "Chess.com"]
[Date "2021.03.30"]
[Round "8"]
[White "ahmad_alkhatib11"]
[Black "gxbg2000"]
[Result "0-1"]
[WhiteElo "2291"]
[BlackElo "1935"]
[TimeControl "180+1"]
[EndTime "11:29:28 PDT"]
[Termination "gxbg2000 won on time"]

1. Nf3 Nf6 2. g3 c6 3. Bg2 g6 4. O-O Bg7 5. b3 O-O 6. Bb2 d6 7. d4 Na6 8. Nbd2 Nc7 9. e4 e6 10. e5 Nfd5 11. Ne4 dxe5 12. dxe5 b6 13. a3 Ba6 14. c4 Ne7 15. Qc1 Nf5 16. Rd1 Qe7 17.
g4 Nh6 18. Qf4 Rfd8 19. Nf6+ Kh8 20. Ng5 Rxd1+ 21. Rxd1 Rd8 22. Re1 b5 23. Nfxh7 bxc4 24. bxc4 Rb8 25. Bc1 Ne8 26. Nf6 Nxf6 27. exf6 Bxf6 28.
Ne4 Bg7 29. Nd6 Rf8 30. g5 Nf5 31. Nxf5 gxf5 32. Qh4+ Kg8 33. Re3 Rd8 34. Re1 Rd4 35.
Qg3 Bxc4 36. g6 fxg6 37. Qxg6 Rg4 38. Qh5 Bd5 39. f3 Bxf3 40. Qxg4 fxg4 41. Bf1 Bd4+ 42. Be3 Qc5 43. Kf2 Bxe3+ 44. Rxe3 e5 45. h3 e4 46. hxg4 Bxg4 47. Bg2 Bf3 48. Bf1 Qc2+ 49. Kg3 Qd2 50. Rb3 Qe1+ 0-1

[Event "*** Titled Tuesday Blitz"]
[Site "Chess.com"]
[Date "2021.03.30"]
[Round "8"]
[White "exoticprincess"]
[Black "OhanyanEminChess"]
[Result "1-0"]
[WhiteElo "2854"]
[BlackElo "2681"]
[TimeControl "180+1"]
[EndTime "11:29:29 PDT"]
[Termination "exoticprincess won on time"]

1. e4 e5 2. Nf3 Nc6 3. Bc4 Nf6 4. Ng5 Bc5 5. Bxf7+ Ke7 6. Bd5 Rf8 7. O-O d6 8.
c3 Qe8 9. d4 Bb6 10. Nd2 h6 11.
Ngf3 Bg4 12. Bxc6 bxc6 13. Re1 Qh5 14. h3 Bxh3 15. gxh3 Qxh3 16. Nh2 exd4 17. Qf3 Qh4 18. Nc4 dxc3 19. Nxb6 axb6 20. bxc3 Ng4 21. Bg5+ hxg5 22. Qxg4 Qxf2+ 23. Kh1 Rxa2 24. Rxa2 Qxe1+ 25. Kg2 Qh4 26.
Qxh4 gxh4 27. Nf3 Rf4 28. Re2 Rg4+ 29. Kf2 h3 30. Ke3 Rg2 31. Re1 h2 32. Rh1 Rc2 33. Kd3 Rf2 34. Nxh2 Rf4 35. Nf1 c5 36. Ne3 Ke6 37. Rg1 Kf7 38. Nd5 Rf3+ 39. Ke2 Rh3 40. c4 c6 41. Nxb6 Rb3 42. Nc8 Ke6 43. Rxg7 Ke5 44.
Re7+ Kf6 45. Re8 1-0

[Event "*** Titled Tuesday Blitz"]
[Site "Chess.com"]
[Date "2021.03.30"]
[Round "8"]
[White "Isajevsky_Anton"]
[Black "KeithArkell"]
[Result "1-0"]
[WhiteElo "2544"]
[BlackElo "2598"]
[TimeControl "180+1"]
[EndTime "11:29:29 PDT"]
[Termination "Isajevsky_Anton won on time"]

1. c4 c5 2. Nc3 Nc6 3. Nf3 g6 4. e3 Nf6 5. d4 cxd4 6. exd4 d5 7. Bg5 Bg7 8. Bxf6 Bxf6 9. cxd5 Nb8 10. h3 O-O 11.
Bc4 a6 12. O-O b5 13. Bb3 Nd7 14. Re1 Nb6 15. Ne5 Bb7 16. Ne4 Nxd5 17. Nc5 Ra7 18.
Nxb7 Rxb7 19. Qf3 e6 20. Rac1 Bg7 21. Rc5 Rc7 22. Bxd5 Rxc5 23. dxc5 Qxd5 24. Qxd5 exd5 25. Nd3 a5 26. Re7 Rc8 27. Rd7 d4 28. Rb7 b4 29.
Ra7 b3 30. axb3 Rb8 31. c6 Rc8 32. Ra6 Kf8 33. Kf1 Ke7 34. Ke2 Kd6 35. Rxa5 Rxc6 36. Kd2 Bh6+ 37. f4 Rb6 38. b4 Rb7 39.
g4 f6 40. Ra6+ Ke7 41. Kc2 Bg7 42. Kb3 Rc7 43. b5 Rb7 44. Kc4 Kf7 45. b6 Bf8 46.
Ra7 Re7 47. Rxe7+ Bxe7 48. Kd5 1-0

[Event "*** Titled Tuesday Blitz"]
[Site "Chess.com"]
[Date "2021.03.30"]
[Round "8"]
[White "MPGM"]
[Black "scandalgod"]
[Result "1-0"]
[WhiteElo "2581"]
[BlackElo "2469"]
[TimeControl "180+1"]
[EndTime "11:29:29 PDT"]
[Termination "MPGM won on time"]

1. e4 e5 2. Nf3 Nc6 3. Bb5 a6 4.
Ba4 d6 5. O-O Bg4 6. c3 Qf6 7.
d3 Ne7 8. Nbd2 g5 9. Re1 Bd7 10. Nf1 g4 11. N3d2 h5 12. Ne3 O-O-O 13. b4 Bh6 14. b5 axb5 15. Bxb5 Bxe3 16. fxe3 h4 17.
Rf1 Qe6 18. Bc4 Qh6 19. Qe2 f5 20. exf5 Nxf5 21. e4 Ng3 22. Qe1 Nxf1 23. Nxf1 Qf6 24. Rb1 Rdf8 25. Be3 h3 26. g3 Qf3 27. Rb2 Qf6 28.
a4 Na5 29. Bd5 Bc6 30. c4 Bxd5 31. cxd5 b6 32. Rc2 Kb8 33. Rf2 Qe7 34. Rb2 Rh7 35. Qxa5 Rhf7 36. Nd2 Qf6 37. Rb1 Qe7 38. Qb5 Qd7 39.
Qxd7 Rxd7 40. a5 Kc8 41. axb6 cxb6 42. Bxb6 Rb7 43. Nc4 Kd7 44. Rf1 Rxf1+ 45. Kxf1 Rb8 46. Ke2 Ra8 47. Be3 Ra2+ 48. Bd2 Ra1 49. Ne3 1-0

[Event "*** Titled Tuesday Blitz"]
[Site "Chess.com"]
[Date "2021.03.30"]
[Round "8"]
[White "Olga_Zhuravleva"]
[Black "elohunter1999"]
[Result "0-1"]
[WhiteElo "2332"]
[BlackElo "2546"]
[TimeControl "180+1"]
[EndTime "11:29:29 PDT"]
[Termination "elohunter1999 won by resignation"]

1. e4 c5 2. Nf3 g6 3. d4 cxd4 4.
Nxd4 Nc6 5. Nc3 Bg7 6. Nb3 Nf6 7. Be2 O-O 8. O-O d6 9. Re1 Be6 10. Bf1 Rc8 11. Bg5 Na5 12. Nd5 Bxd5 13. exd5 Re8 14. c3 Nc4 15. Rb1 h6 16. Bh4 Qb6 17. Kh1 a5 18. a4 g5 19. Bg3 Nxd5 20. Bxc4 Rxc4 21.
Qxd5 Qxb3 22. Bxd6 Rxc3 23. Qxa5 Rc2 24. Qb5 Qxb5 25. axb5 e6 26. Kg1 Rd8 27. Bb4 Rxb2 28. g3 Rd5 29. b6 Rxb1 30. Rxb1 Rb5 31. Rb3 Rxb6 32. Kf1 Bf8 33. Bxf8 Rxb3 34. Bxh6 Rb5 35. h4 f6 36. hxg5 fxg5 37. f4 gxf4 38. Bxf4 Kf7 39. Ke2 e5 40. Be3 Ke6 41. Kd3 Kd5 42. Kc3 Rb1 43. Bg5 Rg1 44. Bh4 b5 45. Kd3 e4+ 46. Ke2 b4 47. Kf2 Ra1 48. g4 b3 49. g5 b2 0-1

[Event "*** Titled Tuesday Blitz"]
[Site "Chess.com"]
[Date "2021.03.30"]
[Round "8"]
[White "BigAl"]
[Black "DrVitman"]
[Result "0-1"]
[WhiteElo "2504"]
[BlackElo "2648"]
[TimeControl "180+1"]
[EndTime "11:29:30 PDT"]
[Termination "DrVitman won on time"]

1. Nf3 Nf6 2. g3 g6 3. Bg2 Bg7 4. O-O O-O 5. d3 d6 6. e4 c5 7. e5 dxe5 8. Nxe5 Nbd7 9. Nc4 Nb6 10. Na5 Nbd5 11. Nb3 Qc7 12. c4 Nb4 13. a3 Na6 14. Nc3 Bf5 15. Qf3 Rfd8 16. Qxb7 Qxb7 17. Bxb7 Rab8 18.
Na5 Nc7 19. Bf4 Nfe8 20. Rfe1 Kf8 21. Be4 Rxb2 22. Nd5 Nxd5 23. cxd5 Rb5 24. Nc6 Bxa1 25. Rxa1 Rd7 26. Kg2 Nf6 27. Bh6+ Ke8 28. Bf3 Nxd5 29.
Re1 e6 30. Ne5 Rd6 31. g4 f6 32. gxf5 fxe5 33. fxg6 hxg6 34. Rxe5 Kf7 35. Bg5 Rb3 36. Be4 Rxa3 37. h4 Nf6 38. Rxc5 Nxe4 39. dxe4 Rd7 40. Be3 a5 41. Kf3 a4 42. Ra5 Ra1 43. Kf4 a3 44. Ke5 a2 45. Ra8 Rb7 46. Bd4 Rb5+ 47. Kf4 Rd1 48. Ra7+ Ke8 0-1

[Event "*** Titled Tuesday Blitz"]
[Site "Chess.com"]
[Date "2021.03.30"]
[Round "8"]
[White "Horizonevent"]
[Black "Chopper1905"]
[Result "0-1"]
[WhiteElo "2524"]
[BlackElo "2917"]
[TimeControl "180+1"]
[EndTime "11:29:30 PDT"]
[Termination "Chopper1905 won by resignation"]

1. e4 c5 2. Nf3 Nc6 3. d4 cxd4 4.
Nxd4 Nf6 5. Nc3 e5 6. Ndb5 d6 7. Bg5 a6 8. Na3 b5 9. Nd5 Be7 10. Bxf6 Bxf6 11. c4 b4 12. Nc2 O-O 13. g3 Bg5 14. h4 Bh6 15. Bg2 a5 16. O-O Be6 17. b3 Qb8 18. f4 Qa7+ 19. Kh2 Qc5 20. Nc7 Rad8 21. f5 Bc8 22. Nd5 f6 23. Qd3 Rf7 24.
Rad1 Ne7 25. Nxe7+ Rxe7 26. Qd5+ Qxd5 27. Rxd5 Ra7 28.
Rfd1 Ra6 29. c5 Bb7 30. Rxd6 Raxd6 31. cxd6 Kf8 32. a3 a4 33. bxa4 b3 34. Nb4 b2 35.
Rb1 Bc1 36. Nd3 Rxd6 37. Nxc1 Rd2 38. Nd3 Rxd3 39. Rxb2 Bc6 40. Rb4 Rxa3 41. Rc4 Bxa4 42.
Rc8+ Ke7 43. Ra8 Ra2 44. Ra7+ Kf8 45. Ra8+ Ke7 46. Ra7+ Kd6 47. Rxg7 Bd1 48. Kh3 h5 49. Bf1 Rf2 50. Bc4 Bf3 51. Bd5 Rb2 52. Rg6 Bg2+ 53.
Kh2 Bxe4+ 54. Kg1 Kxd5 55. Rxf6 Rg2+ 56. Kf1 Rxg3 57. Rh6 Rf3+ 58. Ke1 Rxf5 0-1

[Event "*** Titled Tuesday Blitz"]
[Site "Chess.com"]
[Date "2021.03.30"]
[Round "8"]
[White "NishaOnYoutube"]
[Black "Tea99"]
[Result "1/2-1/2"]
[WhiteElo "2186"]
[BlackElo "2278"]
[TimeControl "180+1"]
[EndTime "11:29:33 PDT"]
[Termination "Game drawn by repetition"]

1. e4 c6 2. d4 d5 3. e5 Bf5 4. h4 h5 5. c4 e6 6. Nc3 Ne7 7.
Nge2 Nd7 8. Ng3 Bg6 9. Bg5 dxc4 10. Bxc4 Nb6 11. Bb3 Qd7 12. O-O Nf5 13. Nxf5 Bxf5 14. Bc2 Bxc2 15. Qxc2 Qxd4 16. Rfe1 Nd5 17. Rad1 Qb6 18.
Nxd5 cxd5 19. Rc1 Bb4 20. Qa4+ Kf8 21. Re2 Kg8 22. Qd7 Bf8 23. Rec2 Qd4 24. Rc8 Rxc8 25. Rxc8 Qxe5 26. Rxf8+ Kh7 27. Rxh8+ Kxh8 28. Qxf7 Qe1+ 29. Kh2 Qe5+ 30. Bf4 Qxb2 31. Qxh5+ Kg8 32. Qe8+ Kh7 33. Qxe6 Qxf2 34. Qf5+ Kg8 35. Qxd5+ Kh8 36. Qd8+ Kh7 37.
Qg5 Qxa2 38. Be5 Qf7 39. h5 a5 40. Qg4 a4 41. Qe4+ Kg8 42. Qxa4 Qxh5+ 43. Kg1 Qxe5 44. Qb3+ Kh7 45. Qxb7 Qe1+ 46. Kh2 Qe5+ 47. Kg1 Qe1+ 48. Kh2 Qe5+ 49. Kg1 1/2-1/2

[Event "*** Titled Tuesday Blitz"]
[Site "Chess.com"]
[Date "2021.03.30"]
[Round "8"]
[White "ymoy"]
[Black "Mr_Sinigami"]
[Result "0-1"]
[WhiteElo "2719"]
[BlackElo "2568"]
[TimeControl "180+1"]
[EndTime "11:29:34 PDT"]
[Termination "Mr_Sinigami won on time"]

1. e4 d5 2. exd5 Nf6 3. d4 Nxd5 4. c4 Nb6 5. Nc3 e5 6. Be3 exd4 7. Qxd4 Qxd4 8. Bxd4 Nc6 9. Be3 Be6 10. b3 Bb4 11.
Rc1 O-O-O 12. Nf3 Rhe8 13. Be2 Bxc4 14. bxc4 Na4 15. Bd2 Rxd2 16. Kxd2 Nxc3 17. Bd3 Nxa2+ 18. Kc2 Nxc1 19. Rxc1 h6 20. Bf5+ Kb8 21. Bd7 Re7 22. Bxc6 bxc6 23. Nd4 Kb7 24. Kb3 a5 25. Nf5 Re5 26. Ne3 Bd2 27. Rf1 Bxe3 28. fxe3 Rxe3+ 29. Ka4 f6 30. Kxa5 Re2 31. Rg1 Rb2 32. Ka4 c5 33.
Ka3 Rf2 34. Kb3 Kc6 35. Kc3 h5 36. Kd3 h4 37. Ke3 Rc2 38. Kd3 Ra2 39. Ke4 Rd2 40.
Kf5 Rd4 41. Rc1 Rd2 42. Rg1 Rc2 43. Kg6 Rxc4 44. Kxg7 Rf4 45. Rc1 c4 46. g3 hxg3 47.
hxg3 Rg4+ 48. Kxf6 Kc5 49. Rg1 c3 50. Kf5 Rg8 51.
g4 Kd4 52. g5 c2 53. Kf6 c5 0-1

[Event "*** Titled Tuesday Blitz"]
[Site "Chess.com"]
[Date "2021.03.30"]
[Round "8"]
[White "ChelsieMonica"]
[Black "Orlov_Oleg"]
[Result "1-0"]
[WhiteElo "2409"]
[BlackElo "2577"]
[TimeControl "180+1"]
[EndTime "11:29:36 PDT"]
[Termination "ChelsieMonica won on time"]

1. e4 c5 2. Ke2 e6 3. Nc3 Nc6 4. Nf3 Nf6 5. d3 d5 6. exd5 exd5 7. d4 Bg4 8. Be3 Bd6 9. h3 Bxf3+ 10. gxf3 cxd4 11.
Bxd4 Nxd4+ 12. Qxd4 O-O 13. Kd2 Qc7 14. Rg1 Be5 15. Qd3 Rac8 16. Re1 Rfd8 17. Nb5 Qa5+ 18. c3 Bf4+ 19. Kc2 Qxa2 20. Qd4 Nh5 21. Bd3 Qa5 22. Rxg7+ Nxg7 23. Qxf4 Rc6 24. Rg1 Rg6 25. Re1 Ne6 26. Qh4 Rf8 27. Nd6 d4 28. Nf5 Qa4+ 29. Kb1 Re8 30.
Nh6+ Kg7 31. Nxf7 Nc7 32. Ne5 b5 33. Bxg6 hxg6 34. Qg4 Re6 35. cxd4 Qb4 36. Rg1 Qd6 37. h4 Kh7 38. h5 Ne8 39. hxg6+ Kg8 40. Qh5 Nf6 41. Qh4 Re7 42. Rh1 Kf8 43. Qh8+ Ng8 44. g7+ Rxg7 45. Qh4 Qe6 46. Qd8+ Qe8 47. Qd6+ Qe7 48.
Qd5 Rg5 49. Rh4 a6 50. Rf4+ Kg7 51. Rf7+ Kh6 52. Rxe7 Nxe7 53. Qe6+ Ng6 54. Nf7+ Kg7 55. Nxg5 Nf8 56. Qf7+ Kh6 57. f4 b4 58. d5 1-0